 Dungeon Crawl Stone Soup version 0.29-a0-299-g4c793a2ed2 (webtiles) character file.

Game seed: 12184948584345345986

2160 Gobser the Chopper (level 9, -2/66 HPs)
             Began as a Gnoll Cinder Acolyte on Oct 16, 2021.
             Was a Follower of Ignis.
             Slain by a komodo dragon (23 damage)
             ... on level 6 of the Dungeon on Mar 24, 2022.
             The game lasted 00:38:25 (9429 turns).

Gobser the Chopper (Gnoll Cinder Acolyte)           Turns: 9429, Time: 00:38:26

Health: -2/66      AC: 14    Str: 23    XL:     9   Next: 31%
Magic:  16/16      EV:  9    Int: 22    God:    Ignis [*.....]
Gold:   205        SH:  8    Dex:  9    Spells: 8/18 levels left

rFire   + + .      SeeInvis +   e - +2 hand axe (vorpal)
rCold   . . .      Faith    .   x - +0 kite shield
rNeg    . . .      Spirit   .   r - +5 scale mail {rF+}
rPois   .          Reflect  .   (no helmet)
rElec   .          Harm     .   (no cloak)
rCorr   .          Rampage  .   (no gloves)
Will    .....                   d - +1 pair of boots
Stlth   +.........              (no amulet)
HPRegen 0.21/turn               o - ring of see invisible
MPRegen 0.15/turn               z - ring of the Queen {Drain Str+6 Int+7}

@: no status effects
A: fangs 1, strong nose, distributed training, clever 1, frail 1
a: Renounce Religion, Fiery Armour, Foxfire Swarm


You were on level 6 of the Dungeon.
You worshipped Ignis.
Ignis was aware of your devotion.
You visited 1 branch of the dungeon, and saw 6 of its levels.

You collected 317 gold pieces.
You spent 112 gold pieces at shops.

Inventory:

Hand Weapons
 a - a -1 hand axe of flaming
 e - a +2 vorpal hand axe (weapon)
 g - a +1 vampiric dagger
 h - a +5 club
 l - a +2 spear of flaming
 m - a +0 vampiric short sword
 v - a +0 halberd
Missiles
 s - 3 boomerangs (quivered)
 w - a throwing net
Armour
 b - a +0 robe
 d - a +1 pair of boots (worn)
 f - a +2 buckler
 j - a +0 ring mail
 p - a +2 ring mail of poison resistance
 r - a +5 scale mail of fire resistance (worn)
 x - a +0 kite shield (worn)
 y - a +2 scale mail of willpower
Jewellery
 o - a ring of see invisible (left hand)
 q - an amulet of reflection
 z - the ring of the Queen (right hand) {Drain Str+6 Int+7}
   (You acquired it on level 6 of the Dungeon)

   [ring of strength]

   Str:       It affects your strength (+6).
   Int:       It affects your intelligence (+7).
   Drain:     It drains your maximum health when unequipped.
Wands
 n - a wand of flame (2)
Scrolls
 c - 2 scrolls of teleportation
 i - 2 scrolls of vulnerability
 t - a scroll of fear
 u - 2 scrolls of identify
Potions
 k - a potion of magic


   Skills:
 + Level 7.8 Fighting
 + Level 4.1 Short Blades
 + Level 4.1 Long Blades
 + Level 7.8 Axes
 + Level 4.1 Maces & Flails
 + Level 4.1 Polearms
 + Level 4.1 Staves
 + Level 4.1 Slings
 + Level 4.1 Bows
 + Level 4.1 Crossbows
 + Level 4.1 Throwing
 + Level 4.1 Armour
 + Level 4.1 Dodging
 + Level 4.1 Stealth
 + Level 4.1 Shields
 + Level 4.1 Unarmed Combat
 + Level 5.0 Spellcasting
 + Level 3.4 Conjurations
 + Level 3.4 Hexes
 + Level 3.4 Summonings
 + Level 3.4 Necromancy
 + Level 3.4 Translocations
 + Level 3.4 Transmutations
 + Level 6.5 Fire Magic
 + Level 3.4 Ice Magic
 + Level 3.4 Air Magic
 + Level 3.4 Earth Magic
 + Level 3.4 Poison Magic
 + Level 4.5 Invocations
 + Level 4.1 Evocations


You had 8 spell levels left.
You knew the following spells:

 Your Spells              Type           Power      Damage    Failure   Level
a - Scorch                Fire           68%        2d8       8%          2
b - Poisonous Vapours     Pois/Air       40%        N/A       26%         2
c - Corpse Rot            Necr/Air       40%        N/A       26%         2
d - Cause Fear            Hex            10%        N/A       87%         4

Your spell library contained the following spells:

 Spells                   Type           Power      Damage    Failure   Level
 Dragon Form              Tmut           10%        N/A       100%        7
 Dragon's Call            Summ           10%        N/A       100%        9


Dungeon Overview and Level Annotations

Branches:
Dungeon (6/15)
 Temple: D:4-7

Altars:
Cheibriados

Shops:
D:3 *   D:4 [


Innate Abilities, Weirdness & Mutations

You have very sharp teeth.
Your uncanny sense of smell can sniff out nearby items.
Your experience applies equally to all skills.
Your mind is acute. (Int +2)
You are frail. (-10% HP)


Message History

You closely miss the lemure.
With Pikel's spell broken, his former minion thanks you for its freedom.
The lemure departs this earthly plane.
Your Short Blades skill increases to level 4!
Your Long Blades skill increases to level 4!
Your Maces & Flails skill increases to level 4!
Your Polearms skill increases to level 4!
Your Staves skill increases to level 4!
Your Slings skill increases to level 4!
Your Bows skill increases to level 4!
Your Crossbows skill increases to level 4!
Your Throwing skill increases to level 4!
Your Armour skill increases to level 4!
Your Dodging skill increases to level 4!
Your Stealth skill increases to level 4!
Your Shields skill increases to level 4!
Your Unarmed Combat skill increases to level 4!
Your Spellcasting skill increases to level 5!
Your Evocations skill increases to level 4!
Things that are here:
a +0 whip of flaming; a +2 robe of willpower; a potion of attraction You start resting.
A komodo dragon is nearby!
A komodo dragon is nearby!
The komodo dragon hisses angrily.
You hit the komodo dragon.
The komodo dragon is lightly wounded.
The komodo dragon bites you!
You completely miss the komodo dragon.
The komodo dragon is lightly wounded.
The komodo dragon bites you!
You barely miss the komodo dragon. Your bite misses the komodo dragon.
The komodo dragon is lightly wounded.
The komodo dragon closely misses you. The komodo dragon barely misses you.
You hit the komodo dragon.
The komodo dragon is moderately wounded.
The komodo dragon bites you!
You slash the komodo dragon! You bite the komodo dragon.
The komodo dragon is heavily wounded.
The komodo dragon bites you!!
You die...

#####...#######.....∆
#####)### ###...###
....)...###...###.#
............#.....# #
........#####.....######..##
........###...###..........#
..............##.............
.......>...).##.........<....
.........###...)@..)........o
...........####l...........(.
........##...................
...###<.# #####..............
.### ##.# #.............# )#
####.### ##......... )#
#......# ##..###.##
.###.#.##.# ##.. ..
##...#....##


You could see a komodo dragon.

Vanquished Creatures
  Pikel (D:6)
  An orc warrior (D:6)
  A sky beast (D:5)
  An ice beast (D:6)
  3 lemures (D:6)
  2 phantoms (D:6)
  2 gnoll sergeants (D:6)
  2 necrophages (D:5)
  3 scorpions
  A bullfrog zombie (D:5)
  A hound (D:4)
  A jelly (D:6)
  2 orc priests
  Jessica (D:3)
  A scorpion zombie (D:5)
  Natasha (thrice) (D:2)
  4 iguanas
  7 orc wizards
  A hound skeleton (D:5)
  10 gnolls
  An adder (D:4)
  A shadow imp (D:6)
  2 white imps
  2 ufetubi
  An adder skeleton (D:4)
  4 worms
  2 dart slugs (D:1)
  15 orcs
  6 endoplasms
  6 giant cockroaches
  6 goblins
  12 hobgoblins
  2 jackals (D:4)
  5 kobolds
  5 quokkas
  3 ball pythons
  8 bats
  A quokka skeleton (D:4)
  3 rats
133 creatures vanquished.

Vanquished Creatures (collateral kills)
  An orc priest (D:5)
  An orc (D:5)
  2 foxfires (D:4)
4 creatures vanquished.

Vanquished Creatures (others)
  An orc (D:6)
  21 foxfires
22 creatures vanquished.

Grand Total: 159 creatures vanquished

Notes
Turn   | Place    | Note
-------+----------+-------------------------------------------
     0 | D:1      | Gobser the Gnoll Cinder Acolyte began the quest for the
                  | Orb.
     0 | D:1      | Reached XP level 1. HP: 23/23 MP: 4/4
   269 | D:1      | Reached XP level 2. HP: 13/29 MP: 5/5
  1319 | D:1      | Reached XP level 3. HP: 30/35 MP: 7/7
  1538 | D:2      | Noticed Natasha
  1547 | D:2      | Killed Natasha
  1548 | D:2      | Reached skill level 1 in Short Blades
  1548 | D:2      | Reached skill level 1 in Long Blades
  1548 | D:2      | Reached skill level 1 in Maces & Flails
  1548 | D:2      | Reached skill level 1 in Polearms
  1548 | D:2      | Reached skill level 1 in Staves
  1548 | D:2      | Reached skill level 1 in Slings
  1548 | D:2      | Reached skill level 1 in Bows
  1548 | D:2      | Reached skill level 1 in Crossbows
  1548 | D:2      | Reached skill level 1 in Throwing
  1548 | D:2      | Reached skill level 1 in Armour
  1548 | D:2      | Reached skill level 1 in Dodging
  1548 | D:2      | Reached skill level 1 in Stealth
  1548 | D:2      | Reached skill level 1 in Shields
  1548 | D:2      | Reached skill level 1 in Unarmed Combat
  1548 | D:2      | Reached skill level 1 in Invocations
  1548 | D:2      | Reached skill level 1 in Evocations
  1894 | D:2      | Reached XP level 4. HP: 34/41 MP: 8/8
  2428 | D:2      | Reached skill level 1 in Conjurations
  2428 | D:2      | Reached skill level 1 in Hexes
  2428 | D:2      | Reached skill level 1 in Summonings
  2428 | D:2      | Reached skill level 1 in Necromancy
  2428 | D:2      | Reached skill level 1 in Translocations
  2428 | D:2      | Reached skill level 1 in Transmutations
  2428 | D:2      | Reached skill level 1 in Ice Magic
  2428 | D:2      | Reached skill level 1 in Air Magic
  2428 | D:2      | Reached skill level 1 in Earth Magic
  2428 | D:2      | Reached skill level 1 in Poison Magic
  2897 | D:2      | Noticed Natasha
  2903 | D:2      | Killed Natasha
  2904 | D:2      | Reached XP level 5. HP: 47/47 MP: 9/9
  2905 | D:2      | Found a faded altar of an unknown god.
  3355 | D:2      | Noticed Natasha
  3378 | D:2      | Killed Natasha
  4087 | D:3      | Found Butaip's Assorted Antiques.
  4161 | D:3      | Noticed Jessica
  4170 | D:3      | Killed Jessica
  4196 | D:3      | Reached XP level 6. HP: 36/53 MP: 10/10
  4793 | D:3      | Upgraded the game from 0.28-a0-664-gc179e30c89 to
                  | 0.28-a0-667-g162e43154e
  5287 | D:4      | Gained mutation: You are frail. (-10% HP) [potion of
                  | mutation]
  5287 | D:4      | Gained mutation: Your mind is acute. (Int +2) [potion of
                  | mutation]
  5630 | D:4      | Learned a level 2 spell: Scorch
  5633 | D:4      | Learned a level 2 spell: Poisonous Vapours
  5636 | D:4      | Learned a level 2 spell: Corpse Rot
  6183 | D:4      | Found Jiplex's Antique Armour Emporium.
  6191 | D:4      | Bought a glowing scale mail for 112 gold pieces
  6423 | D:5      | Entered Level 5 of the Dungeon
  6433 | D:5      | Upgraded the game from 0.28-a0-667-g162e43154e to
                  | 0.29-a0-299-g4c793a2ed2
  6581 | D:5      | Reached XP level 7. HP: 35/53 MP: 12/12
  7242 | D:5      | Found a snail-covered altar of Cheibriados.
  7653 | D:5      | Reached XP level 8. HP: 58/60 MP: 14/14
  8123 | D:6      | Identified a scroll of acquirement
  8123 | D:6      | Acquired the ring of the Queen {Drain Str+6 Int+7}
  8231 | D:6      | HP: 3/60 [poisoned by an orc]
  8563 | D:6      | Learned a level 4 spell: Cause Fear
  8588 | D:6      | Noticed a komodo dragon
  8604 | D:6      | HP: 3/60 [komodo dragon (22)]
  9057 | D:6      | Reached XP level 9. HP: 37/65 MP: 16/16
  9187 | D:6      | Noticed Pikel
  9222 | D:6      | Killed Pikel
  9223 | D:6      | Reached skill level 5 in Spellcasting
  9429 | D:6      | Slain by a komodo dragon

Illustrated notes

Levels and vault maps discovered:
D:1:      dpeg_arrival_leaves_temple_mockup, layout_basic, minmay_tromino_i2
D:2:      layout_basic, shapermc_ecumenical_altar_mp_highgroup, uniq_natasha
D:3:      layout_loops_ring, serial_shops, nicolae_diamond_shop, uniq_jessica
D:4:      layout_loops_corners, cheibrodos_sewer_entry_sluice, serial_shops,
          nicolae_shop_temple_entry_statues_fountains
D:5:      layout_cave_pods, cheibriados_altar_2
D:6:      layout_rooms, hangedman_abyss_or_decor_stabs, uniq_pikel

Skill      XL: |  1  2  3  4  5  6  7  8  9 |
---------------+----------------------------+-----
Short Blades   | 1 2 3 4 |  4.1
Long Blades    | 1 2 3 4 |  4.1
Maces & Flails | 1 2 3 4 |  4.1
Polearms       | 1 2 3 4 |  4.1
Staves         | 1 2 3 4 |  4.1
Slings         | 1 2 3 4 |  4.1
Bows           | 1 2 3 4 |  4.1
Crossbows      | 1 2 3 4 |  4.1
Throwing       | 1 2 3 4 |  4.1
Armour         | 1 2 3 4 |  4.1
Dodging        | 1 2 3 4 |  4.1
Stealth        | 1 2 3 4 |  4.1
Shields        | 1 2 3 4 |  4.1
Unarmed Combat | 1 2 3 4 |  4.1
Invocations    | 1 2 3 4 |  4.5
Evocations     | 1 2 3 4 |  4.1
Spellcasting   | 3 4 5 |  5.0
Conjurations   | 1 2 3 |  3.4
Hexes          | 1 2 3 |  3.4
Summonings     | 1 2 3 |  3.4
Necromancy     | 1 2 3 |  3.4
Translocations | 1 2 3 |  3.4
Transmutations | 1 2 3 |  3.4
Ice Magic      | 1 2 3 |  3.4
Air Magic      | 1 2 3 |  3.4
Earth Magic    | 1 2 3 |  3.4
Poison Magic   | 1 2 3 |  3.4
Fighting       | 7 |  7.8
Axes           | 7 |  7.8
Fire Magic     | 6 |  6.5

Action                   |  1- 3 |  4- 6 |  7- 9 || total
-------------------------+-------+-------+-------++-------
Melee: Hand axe          |   116 |   161 |   215 ||   492
       Bite              |     9 |    21 |    27 ||    57
       Short sword       |       |    63 |       ||    63
       Dagger            |       |    32 |       ||    32
       Club              |       |    43 |       ||    43
 Cast: Scorch            |       |     1 |     2 ||     3
Invok: Foxfire Swarm     |       |     2 |     2 ||     4
       No ability        |       |     1 |       ||     1
       Fiery Armour      |       |       |     5 ||     5
       Rising Flame      |       |       |     1 ||     1
  Use: Scroll            |     4 |     8 |     7 ||    19
       Potion            |       |     7 |     3 ||    10
 Stab: Sleeping          |     1 |       |       ||     1
Armor: Robe              |    29 |     1 |       ||    30
       Ring mail         |       |   105 |       ||   105
       Scale mail        |       |    10 |   155 ||   165
Dodge: Dodged            |    53 |   126 |   127 ||   306
Block: Buckler           |     6 |    34 |    31 ||    71
       Kite shield       |       |       |    52 ||    52

Table legend: (Time is in decaauts)
 A = Elapsed time spent in this place.
 B = Non-inter-level travel time spent in this place.
 C = Inter-level travel time spent in this place.
 D = Time resting spent in this place.
 E = Time spent auto-exploring this place.
 F = Levels seen in this place.
 G = Mean time per level.
                   A        B        C        D        E       F      G
               +--------+--------+--------+--------+--------+-----+--------+
         Total |   9449 |   9443 |      6 |   3714 |   3064 |   6 | 1574.8 |
       Dungeon |   9449 |   9443 |      6 |   3714 |   3064 |   6 | 1574.8 |
               +--------+--------+--------+--------+--------+-----+--------+

Top non-repeatable levels by time:
     D:2: 2075 daAuts
     D:4: 1947 daAuts
     D:1: 1537 daAuts
     D:6: 1445 daAuts
     D:3: 1229 daAuts
     D:5: 1214 daAuts
